 Dungeon Crawl Stone Soup version 0.30-a0-782-ge64f9170bb (webtiles) character file.

Game seed: 2166707368254820372

13029 theswoord the Cruncher (level 11, -4/77 HPs)
             Began as a Demonspawn Gladiator on Mar 13, 2023.
             Was a Priest of Hepliaklqana.
             Shot with an arrow by a centaur warrior (13 damage)
             ... on level 11 of the Dungeon.
             The game lasted 00:20:02 (11481 turns).

theswoord the Cruncher (Demonspawn Gladiator)      Turns: 11481, Time: 00:20:02

Health: -4/77      AC: 15    Str: 22    XL:     11   Next: 70%
Magic:  14/14      EV: 11    Int:  9    God:    Hepliaklqana [***...]
Gold:   392        SH:  8    Dex: 16    Spells: 10/10 levels left

rFire   . . .      SeeInvis .    v - +1 lajatang
rCold   . . .      Faith    .    (shield currently unavailable)
rNeg    . . .      Spirit   .    G - +1 scale mail "Ycua" {rElec Str+4}
rPois   .          Reflect  .    (helmet restricted)
rElec   +          Harm     .    (no cloak)
rCorr   .          Rampage  .    (no gloves)
Will    .....                    g - +1 pair of boots Stlth
                                 (no amulet)
HPRegen 0.32/turn                h - +4 ring of slaying
MPRegen 0.14/turn                E - +4 ring of protection

@: lethally poisoned (-4 -> -7), about to teleport
A: reduced essence, horns 2, large bone plates 1, demonic guardian 2,
condensation shield
a: Renounce Religion, Recall Ancestor, Ancestor Identity, Transference


You were on level 11 of the Dungeon.
You worshipped Hepliaklqana.
Hepliaklqana was most pleased with you.
You visited 2 branches of the dungeon, and saw 12 of its levels.

You collected 512 gold pieces.
You spent 120 gold pieces at shops.

Inventory:

Hand Weapons
 a - a +1 quarterstaff
 v - a +1 lajatang (weapon)
Missiles
 e - 9 javelins (quivered)
 r - 5 throwing nets
Armour
 b - a +0 leather armour
 c - a +0 helmet
 g - a +1 pair of boots (worn)
 t - a +0 plate armour
 F - a +0 troll leather armour
 G - the +1 scale mail "Ycua" (worn) {rElec Str+4}
   (You found it on level 11 of the Dungeon)

   Str:       It affects your strength (+4).
   rElec:     It insulates you from electricity.
Jewellery
 h - a +4 ring of slaying (left hand)
 i - a ring of resist corrosion
 m - the ring "Gaiziod" {Ice Int+3}
   (You found it on level 2 of the Dungeon)

   [ring of ice]

   It enhances your ice magic.
   Int:       It affects your intelligence (+3).
   rF:        It makes you vulnerable to fire.
   rC:        It protects you from cold.
 C - a ring of fire
 E - a +4 ring of protection (right hand)
Wands
 o - a wand of paralysis (9)
 y - a wand of roots (17)
Scrolls
 p - 4 scrolls of vulnerability
 u - a scroll of poison
 w - a scroll of teleportation
 x - 4 scrolls of identify
 B - a scroll of amnesia
 D - a scroll of fear
 H - a scroll of acquirement {unknown}
Potions
 d - a potion of resistance
 f - 4 potions of mutation
 j - 4 potions of heal wounds
 k - a potion of curing
 l - a potion of attraction
 n - a potion of haste
 q - 2 potions of cancellation
 s - 5 potions of flight
 z - a potion of magic
 A - a potion of brilliance


   Skills:
 + Level 8.1 Fighting
 - Level 14.0 Staves
 - Level 1.7 Throwing
 + Level 6.8 Armour
 - Level 2.6 Dodging
 - Level 5.0 Invocations


You had 10 spell levels left.
You didn't know any spells.
Your spell library was empty.

Dungeon Overview and Level Annotations

Branches:
Dungeon (11/15)            Temple (1/1) D:7            Lair (0/5) D:8
    Orc: D:9-12

Altars:
Ashenzari
Cheibriados
Dithmenos
Fedhas
Gozag
Hepliaklqana
Kikubaaqudgha
Makhleb
Nemelex Xobeh
Okawaru
Qazlal
Ru
Sif Muna
Trog
Uskayaw
Vehumet
Wu Jian
Xom
Yredelemnul

Shops:
D:5 *   D:7 *   D:11 [

Annotations:
D:9 exclusion: obsidian statue


Innate Abilities, Weirdness & Mutations

Your life essence is reduced to manifest your ancestor. (-10% HP)
You have a pair of horns on your head.
You are partially covered in large bone plates. (SH +4)
A demonic guardian rushes to your aid.
A meltable shield of frost defends you. (SH +4)


Message History

You feel strangely unstable.
Something bites Ulric.
The vampire mosquito bites you but does no damage.
The killer bee stings you but does no damage.
The killer bee stings Ulric.
The centaur warrior shoots an arrow.
You block the arrow.
Your ice devil completely misses the vampire mosquito.
Something misses Ulric.
You block the vampire mosquito's attack.
The orc hits the yak with a +0 club.
Ulric gestures at the killer bee while chanting.
The killer bee resists with significant effort.
The killer bee stings you!
* * * LOW HITPOINT WARNING * * *
You are poisoned.
The killer bee poisons you!
The killer bee attacks as you move away!
You block the killer bee's attack.
You feel sick.
The vampire mosquito closely misses your ice devil.
Ulric has departed this plane of existence.
The vampire mosquito bites your ice devil.
The killer bee stings your ice devil but does no damage.
The killer bee stings you but does no damage.
You feel sick.
The vampire mosquito bites your ice devil.
You block the killer bee's attack. The killer bee stings your ice devil.
Your ice devil is poisoned.
The killer bee poisons your ice devil!
Your ice devil closely misses the killer bee.
The vampire mosquito bites your ice devil but does no damage.
The killer bee stings you.
* * * LOW HITPOINT WARNING * * *
The killer bee stings your ice devil.
You feel sick.
The centaur warrior shoots an arrow.
The arrow hits you!!
* * * LOW HITPOINT WARNING * * *
The vampire mosquito barely misses your ice devil.
The killer bee stings your ice devil!
Your ice devil hits the killer bee.
Your ice devil freezes the killer bee!
The killer bee dies!
The centaur warrior shoots an arrow.
The arrow hits you!
You die...

......#######.........######.##.#
#.yh......#........##.........#
###.).......#........#...........
............#.c.....##....##.)#..
............#.......#.....#})##..
.........YY.#......##...###|####.
.......8)8.8#y.....#......[.#....
........⌠.⌠y†Y4...##.......##.##.
###....8.∩.8#yY.@.#.#####........
#.....⌠.⌠......##.#..(#....###.
#....8.8.8.....#..#.###....)†..
#......#.......#..#........###.
########........############ ##
................. ...
.................. ...
.................. ...
....############## ...


You could see a centaur warrior, 3 yaks, 2 vampire mosquitoes, a killer bee and
a friendly ice devil (summoned, very poisoned).

Vanquished Creatures
  A hydra (D:11)
  A boulder beetle (D:11)
  A two-headed ogre (D:11)
  A wizard (D:11)
  Pikel (D:9)
  A slime creature (D:11)
  A gargoyle (D:9)
  A rime drake (D:8)
  A kobold demonologist (D:9)
  A freezing wraith (D:11)
  3 trolls
  2 polar bears (D:8)
  A wyvern (D:8)
  10 yaks
  A steam dragon (D:8)
  3 vampire mosquitoes
  Edmund (D:4)
  3 acid dragons
  An orc warrior (D:8)
  4 ice beasts
  4 black bears
  A sky beast (D:7)
  An ogre (D:5)
  4 centaurs
  A phantom (D:7)
  A lemure (D:9)
  15 kobold brigands
  A bullfrog (D:7)
  A scorpion (D:4)
  4 killer bees
  6 howler monkeys
  4 orc priests
  A gnoll bouda (D:6)
  A hound (D:4)
  2 jellies
  Ijyb (D:4)
  A hexer (D:10)
  Natasha (twice) (D:3)
  3 orc wizards
  5 iguanas
  8 gnolls
  11 adders
  An adder zombie (D:2)
  An adder skeleton (D:2)
  A worm (D:3)
  2 dart slugs
  17 orcs
  5 ball pythons
  6 endoplasms
  5 giant cockroaches
  7 goblins
  5 hobgoblins
  4 jackals (D:3)
  5 quokkas
  A ball python skeleton (D:2)
  A frilled lizard (D:3)
  26 kobolds
  5 rats
209 creatures vanquished.

Vanquished Creatures (collateral kills)
  3 unseen horrors
  A troll (D:10)
  A hornet (D:8)
  A yak (D:9)
  A water moccasin (D:7)
  An orc warrior (D:9)
  A centaur (D:9)
  A kobold brigand (D:9)
  A bullfrog (D:9)
  A killer bee (D:11)
  A jelly (D:6)
  An orc priest (D:10)
  An orc (D:9)
  3 kobolds
18 creatures vanquished.

Vanquished Creatures (others)
  3 hexers
  A plant (D:4)
4 creatures vanquished.

Grand Total: 231 creatures vanquished

Notes
Turn   | Place    | Note
-------+----------+-------------------------------------------
     0 | D:1      | theswoord the Demonspawn Gladiator began the quest for the
                  | Orb.
     0 | D:1      | Reached XP level 1. HP: 16/16 MP: 1/1
    84 | D:1      | Reached skill level 3 in Staves
   262 | D:1      | Gained mutation: You have a pair of small horns on your
                  | head. [demonic ancestry]
   262 | D:1      | Reached XP level 2. HP: 22/22 MP: 2/2
   862 | D:2      | Identified the ring "Gaiziod" {Ice Int+3}
   908 | D:2      | Reached XP level 3. HP: 27/27 MP: 3/3
   944 | D:2      | Reached skill level 4 in Staves
  1421 | D:3      | Gained mutation: You are partially covered in large bone
                  | plates. (SH +4) [demonic ancestry]
  1421 | D:3      | Reached XP level 4. HP: 33/33 MP: 4/4
  1800 | D:3      | Reached skill level 5 in Staves
  1933 | D:3      | Noticed Natasha
  1937 | D:3      | Killed Natasha
  1938 | D:3      | Gained mutation: A weak demonic guardian rushes to your
                  | aid. [demonic ancestry]
  1938 | D:3      | Reached XP level 5. HP: 38/38 MP: 5/5
  2159 | D:3      | Noticed Natasha
  2164 | D:3      | Killed Natasha
  2557 | D:4      | Reached skill level 6 in Staves
  2830 | D:4      | Noticed Ijyb
  2840 | D:4      | Reached XP level 6. HP: 23/44 MP: 6/6
  2845 | D:4      | Killed Ijyb
  2987 | D:4      | Noticed Edmund
  3002 | D:4      | Killed Edmund
  3003 | D:4      | Reached skill level 7 in Staves
  3712 | D:5      | Entered Level 5 of the Dungeon
  4037 | D:4      | Reached XP level 7. HP: 31/50 MP: 7/7
  4223 | D:5      | Found Quarofiro's Lightly-Used Armoury.
  4257 | D:5      | Bought a -1 lajatang for 120 gold pieces
  4296 | D:5      | Identified the +3 long sword "Sarcophage" {vamp, +Blink
                  | Will+ Int-5}
  4316 | D:5      | Reached skill level 8 in Staves
  5077 | D:6      | Reached skill level 9 in Staves
  5077 | D:6      | Reached XP level 8. HP: 56/56 MP: 8/8
  5347 | D:6      | Found a blossoming altar of Fedhas.
  5351 | D:6      | Found a shadowy altar of Dithmenos.
  5569 | D:6      | Found a shimmering altar of Xom.
  5570 | D:6      | Found a hazy altar of Hepliaklqana.
  5571 | D:6      | Noticed a spectral ugly thing
  5660 | D:6      | Reached skill level 10 in Staves
  5682 | D:6      | Reached skill level 11 in Staves
  5948 | D:7      | Found a staircase to the Ecumenical Temple.
  5955 | Temple   | Entered the Ecumenical Temple
  6107 | D:6      | Became a worshipper of Hepliaklqana the Forgotten
  6131 | D:7      | Gained mutation: A meltable shield of frost defends you.
                  | (SH +4) [demonic ancestry]
  6131 | D:7      | Reached XP level 9. HP: 61/61 MP: 9/9
  6326 | D:7      | Found Keam's General Store.
  6512 | D:7      | Reached * piety under Hepliaklqana
  6950 | D:8      | Reached skill level 12 in Staves
  7031 | D:8      | Found a hide-covered altar of Uskayaw.
  7032 | D:8      | Found a sparkling altar of Nemelex Xobeh.
  7226 | D:8      | Found a staircase to the Lair.
  7237 | D:8      | Noticed a rime drake
  7250 | D:8      | Killed a rime drake
  7527 | D:8      | Noticed a polar bear
  7527 | D:8      | Noticed a polar bear
  7533 | D:8      | Killed a polar bear
  7534 | D:8      | Reached skill level 13 in Staves
  7540 | D:8      | Killed a polar bear
  7789 | D:8      | Gained mutation: You have a pair of horns on your head.
                  | [demonic ancestry]
  7789 | D:8      | Reached XP level 10. HP: 33/60 MP: 10/10
  7946 | D:8      | Reached ** piety under Hepliaklqana
  7947 | D:8      | Remembered your ancestor Ulric as a hexer
  8345 | D:9      | Reached skill level 1 in Invocations
  8349 | D:9      | Reached skill level 1 in Armour
  8357 | D:9      | Noticed an obsidian statue
  8378 | D:9      | Noticed a gargoyle
  8388 | D:9      | Killed a gargoyle
  8966 | D:9      | Noticed Pikel
  8980 | D:9      | Killed Pikel
  8981 | D:9      | Reached skill level 14 in Staves
  9114 | D:9      | Reached skill level 5 in Invocations
  9624 | D:10     | Entered Level 10 of the Dungeon
  9681 | D:10     | Found a shimmering blue altar of Sif Muna.
  9927 | D:10     | Reached skill level 5 in Fighting
 10034 | D:10     | Reached *** piety under Hepliaklqana
 10205 | D:10     | Found a snail-covered altar of Cheibriados.
 10205 | D:10     | Found an opulent altar of Gozag.
 10227 | D:9      | Gained mutation: A demonic guardian rushes to your aid.
                  | [demonic ancestry]
 10227 | D:9      | Reached XP level 11. HP: 55/72 MP: 14/14
 10959 | D:11     | Noticed a six-headed hydra
 10962 | D:11     | Reached skill level 5 in Armour
 10970 | D:11     | Killed a six-headed hydra
 11216 | D:11     | Noticed a wizard
 11228 | D:11     | Killed a wizard
 11282 | D:11     | Noticed a two-headed ogre
 11295 | D:11     | Killed a two-headed ogre
 11299 | D:11     | Identified the +1 scale mail "Ycua" {rElec Str+4}
 11302 | D:11     | Noticed a boulder beetle
 11327 | D:11     | Killed a boulder beetle
 11445 | D:11     | Found Ididgh's Armour Boutique.
 11474 | D:11     | Noticed a centaur warrior
 11481 | D:11     | Shot with an arrow by a centaur warrior

Skill      XL: |  1  2  3  4  5  6  7  8  9 10 11 |
---------------+----------------------------------+-----
Staves         | 3 4 5 6 7 9 11 13 14 | 14.0
Invocations    | 5 |  5.0
Armour         | 4 6 |  6.8
Fighting       | 5 8 |  8.1
Throwing       | |  1.7
Dodging        | |  2.6

Action                     |  1- 3 |  4- 6 |  7- 9 | 10-12 || total
---------------------------+-------+-------+-------+-------++-------
  Melee: Quarterstaff      |   111 |   108 |   136 |    11 ||   366
         Headbutt          |    11 |    16 |    46 |    59 ||   132
         Lajatang          |       |       |    45 |   242 ||   287
  Throw: Throwing net      |       |     3 |       |       ||     3
         Javelin           |       |       |       |     1 ||     1
 Invoke: Ancestor Life: He |       |       |       |     1 ||     1
    Use: Scroll            |     5 |     9 |    11 |     5 ||    30
         Potion            |       |       |     3 |     2 ||     5
   Stab: Sleeping          |     1 |       |       |       ||     1
         Invisible         |       |       |     4 |     4 ||     8
         Confused          |       |       |       |     4 ||     4
 Armour: Leather armour    |    22 |    22 |       |       ||    44
         Plate armour      |       |       |    75 |   126 ||   201
         Troll leather arm |       |       |       |     9 ||     9
         Scale mail        |       |       |       |     8 ||     8
  Dodge: Dodged            |    66 |    53 |    51 |    49 ||   219
  Block: Other             |       |    20 |    49 |    99 ||   168

Levels and vault maps discovered:
D:1:      saegor_arrival_simple_b, layout_basic
D:2:      layout_rooms, serial_undead, serial_undead_b, serial_undead_c,
          serial_undead_b, serial_undead_e
D:3:      layout_loops_corners, kennysheep_generic_room_9, uniq_natasha
D:4:      layout_basic, serial_forest, infiniplex_forest_lined_room_2,
          infiniplex_forest_lined_4_way, infiniplex_forest_clump_large,
          infiniplex_forest_lined_ring, infiniplex_forest_diagonal,
          infiniplex_forest_clump_long, infiniplex_forest_lined_2, uniq_ijyb,
          uniq_edmund
D:5:      layout_cave_pools, minmay_shop_damaged
D:6:      layout_cave_pods, regret_index_temple_of_mockery,
          grunt_temple_overflow_open
D:7:      layout_gridville, marbit_many_paths, minmay_temple_entry_mist,
          nicolae_stop_n_shop_2, hangedman_glass_teeth, minmay_misc_feat_roman
D:8:      layout_basic, mainiacjoe_overflow_divided_tiny,
          hellmonk_lair_entry_icy
D:9:      layout_roguey [special_room_kobold], minivault_16, kennysheep_potato,
          uniq_pikel
D:10:     layout_gridville, jmf_multi_god_temple, mainiacjoe_overflow_alcove_2,
          enter_bailey_2
D:11:     minmay_the_grid_triangle_9x9_recursive_2_mashed
          [minmay_the_grid_triangle_9x9_prize_schism,
          minmay_the_grid_triangle_9x9_intruding_spiral,
          minmay_the_grid_triangle_9x9_skeleton,
          minmay_the_grid_triangle_9x9_cache], layout_irregular_city,
          david_orc_3, serial_shops, nicolae_shop_temple_entry_statues_fountains
Temple:   hc_temple_tempest_star
